 Dungeon Crawl Stone Soup version 0.23-a0-677-g07611c5 (webtiles) character file.

109 Lanoc the Slasher (level 4, -5/37 HPs)
             Began as a Demonspawn Chaos Knight on Jan 9, 2019.
             Was a Plaything of Xom.
             Slain by a gnoll
             ... wielding a +0 flail
              (10 damage)
             ... on level 3 of the Dungeon.
             The game lasted 00:02:48 (1212 turns).

Lanoc the Slasher (Demonspawn Chaos Knight)         Turns: 1212, Time: 00:02:49

Health: -5/37      AC:  6    Str: 14    XL:     4   Next: 60%
Magic:  4/4        EV: 12    Int: 13    God:    Xom [..*...]
Gold:   66         SH:  0    Dex: 12    Spells: 3/3 levels left

rFire    . . .     SeeInvis .   a - +0 falchion (chaos)
rCold    . . .     Gourm    .   (no shield)
rNeg     + . .     Faith    .   b - +2 leather armour
rPois    .         Spirit   .   (helmet restricted)
rElec    .         Reflect  .   (no cloak)
rCorr    .         Harm     .   (no gloves)
MR       .....                  (no boots)
Stlth    +.........             (no amulet)
HPRegen  0.12/turn              n - ring of positive energy
MPRegen  0.09/turn              (no ring)

@: no status effects
A: antennae 1, rugged brown scales 1, powered by death 1
a: Renounce Religion


You were on level 3 of the Dungeon.
You worshipped Xom.
You were a toy of Xom.
You were not hungry.

You visited 1 branch of the dungeon, and saw 3 of its levels.

You collected 66 gold pieces.

Inventory:

Hand Weapons
 a - a +0 falchion of chaos (weapon)
Armour
 b - a +2 leather armour (worn)
Jewellery
 n - a ring of positive energy (left hand)
Scrolls
 d - a scroll of fear {unknown}
 e - 3 scrolls of remove curse {unknown}
 g - 2 scrolls of enchant weapon {unknown}
 h - 2 scrolls of identify {unknown}
 i - a scroll of amnesia {unknown}
 m - a scroll of teleportation {unknown}
Potions
 f - a potion of curing
 j - a potion of haste {unknown}
 k - a potion of cancellation {unknown}
Comestibles
 c - 6 rations
 l - 2 chunks of flesh


   Skills:
 + Level 3.6 Fighting
 * Level 3.7 Long Blades
 + Level 2.4 Armour
 + Level 1.9 Dodging


You had 3 spell levels left.
You didn't know any spells.
Your spell library was empty.

Dungeon Overview and Level Annotations

Branches:
Dungeon (3/15)

Altars:
The Shining One


Innate Abilities, Weirdness & Mutations

You have a pair of small antennae on your head.
You are partially covered in rugged brown scales. (AC +1, +3% HP)
You regenerate a little health from kills.


Message History

You closely miss the gnoll.
The gnoll hits you with a cursed -1 flail.
* * * LOW HITPOINT WARNING * * *
You hit the gnoll.
The gnoll is poisoned.
The gnoll is moderately wounded.
The gnoll barely misses you.
You slash the gnoll! You freeze the gnoll.
You kill the gnoll!
The gnoll hits you from afar with a +0 spear.
* * * LOW HITPOINT WARNING * * *
A gnoll comes into view. It is wielding a +0 flail.
Things that are here:
a cursed -1 flail; a scroll labeled WEOCIE SECHAEL; 13 gold pieces The gnoll hits you with a +0 spear.
* * * LOW HITPOINT WARNING * * *
You barely miss the gnoll. The gnoll barely misses you.
The gnoll hits you but does no damage.
You closely miss the gnoll. The gnoll hits you with a +0 flail!
You die...
Xom guffaws!

#.# # #.# ##. ...
.(..# #.##.#...
#.......# #.
#.......# #... #)#
#...######g#.#
#...##..)@w..#
#...##.###g/...b.
#####..)##.####..####
...................
.................#...
...............$.####
####...##....>..#
#...#######... #...#
#.#


You could see a worm (petrified), 2 gnolls and a bat.

Vanquished Creatures
  A gnoll (D:3)
  5 adders
  A worm (D:3)
  2 dart slugs
  A leopard gecko (D:1)
  An orc (D:3)
  3 giant cockroaches
  5 goblins
  3 hobgoblins
  4 jackals (D:1)
  3 quokkas (D:2)
  4 bats
  3 frilled lizards (D:1)
  6 kobolds
  5 rats
47 creatures vanquished.

Vanquished Creatures (collateral kills)
  A bat (D:1)
1 creature vanquished.

Grand Total: 48 creatures vanquished

Notes
Turn   | Place    | Note
-------+----------+-------------------------------------------
     0 | D:1      | Lanoc the Demonspawn Chaos Knight began the quest for the
                  | Orb.
     0 | D:1      | Reached XP level 1. HP: 18/18 MP: 1/1
    49 | D:1      | Reached skill level 1 in Dodging
    92 | D:1      | Gained mutation: You are partially covered in rugged brown
                  | scales. (AC +1, +3% HP) [demonic ancestry]
    92 | D:1      | Reached XP level 2. HP: 13/24 MP: 2/2
   371 | D:1      | Found a glowing golden altar of the Shining One.
   499 | D:2      | Gained mutation: You regenerate a little health from kills.
                  | [demonic ancestry]
   499 | D:2      | Reached XP level 3. HP: 28/29 MP: 3/3
   699 | D:2      | XOM: silly message
   780 | D:2      | XOM: noise
   832 | D:2      | XOM: god gift: 14 arrows
   878 | D:2      | XOM: mild Chrm miscast
   977 | D:2      | Gained mutation: You have a pair of small antennae on your
                  | head. [demonic ancestry]
   977 | D:2      | Reached XP level 4. HP: 34/36 MP: 4/4
  1178 | D:3      | XOM: noise
  1212 | D:3      | Slain by a gnoll

Vault maps used:
D:1:      zaba_arrival_water, tso_metal_star
D:3:      st_stairs_3, hangedman_ru_absence

Skill      XL: |  1  2 |
---------------+-------+-----
Dodging        | 1 |  1.9
Long Blades    | 3 |  3.7
Armour         | 2 |  2.4
Fighting       | |  3.6

Action                   |  1- 3 |  4- 6 || total
-------------------------+-------+-------++-------
Melee: Falchion          |   127 |    39 ||   166
  Use: Potion            |     2 |       ||     2
 Stab: Confused          |     1 |     1 ||     2
  Eat: Chunk             |       |     1 ||     1
Armor: Leather armour    |    64 |     7 ||    71
Dodge: Dodged            |   105 |    23 ||   128
       Rpst.: Falchion   |    34 |     6 ||    40

Table legend:
 A = Non-vault XP
 B = Vault XP
 C = Vault XP percentage of total XP
 D = Non-vault monster count
 E = Vault monster count
 F = Vault count percentage of total count
                 A         B        C        D         E       F
            +---------+---------+-------+---------+---------+-------
      Total |     157 |       0 |   0.0 |      48 |       0 |   0.0
            +---------+---------+-------+---------+---------+-------
        D:1 |      32 |       0 |   0.0 |      20 |       0 |   0.0
        D:2 |      68 |       0 |   0.0 |      18 |       0 |   0.0
        D:3 |      57 |       0 |   0.0 |      10 |       0 |   0.0
            +---------+---------+-------+---------+---------+-------
